 Dungeon Crawl Stone Soup version 0.29.1-15-g9cfb28693d (webtiles) character file.

Game seed: 14308778157035746090

210 ThatPearl the Chopper (level 5, -2/50 HPs)
             Began as a Minotaur Berserker on Mar 11, 2023.
             Was a Believer of Trog.
             Slain by a gnoll
             ... wielding a +0 halberd
              (5 damage)
             ... on level 3 of the Dungeon on Mar 12, 2023.
             The game lasted 00:04:08 (2227 turns).

ThatPearl the Chopper (Minotaur Berserker)          Turns: 2227, Time: 00:04:09

Health: -2/50      AC:  5    Str: 21    XL:     5   Next: 56%
Magic:  4/4        EV: 11    Int:  4    God:    Trog [**....]
Gold:   55         SH:  0    Dex: 12    Spells: 4/4 levels left

rFire   . . .      SeeInvis .   l - +0 war axe
rCold   . . .      Faith    .   (no shield)
rNeg    . . .      Spirit   .   a - +0 ring mail
rPois   .          Reflect  .   (helmet restricted)
rElec   .          Harm     .   (no cloak)
rCorr   .          Rampage  .   (no gloves)
Will    .....                   (no boots)
Stlth   +.........              (no amulet)
HPRegen 0.16/turn               (no ring)
MPRegen 0.09/turn               (no ring)

@: no status effects
A: horns 2, retaliatory headbutt
a: Renounce Religion, Berserk, Trog's Hand


You were on level 3 of the Dungeon.
You worshipped Trog.
Trog was pleased with you.
You visited 1 branch of the dungeon, and saw 3 of its levels.

You collected 99 gold pieces.
You spent 44 gold pieces at shops.

Inventory:

Hand Weapons
 j - a +0 dagger of holy wrath
 l - a +0 war axe (weapon)
Missiles
 i - 6 poisoned darts (quivered)
 r - 5 javelins
Armour
 a - a +0 ring mail (worn)
Scrolls
 c - a scroll of butterflies {unknown}
 e - 3 scrolls of teleportation {unknown}
 f - a scroll of summoning {unknown}
 h - 3 scrolls of poison {unknown}
 m - a scroll of amnesia {unknown}
 o - 3 scrolls of silence {unknown}
 s - a scroll of identify
 t - a scroll of magic mapping {unknown}
Potions
 b - a potion of mutation {unknown}
 d - a potion of flight {unknown}
 g - 2 potions of curing
 k - a potion of might {unknown}
 n - a potion of degeneration {unknown}
 p - 2 potions of heal wounds {unknown}
 q - a potion of attraction {unknown}


   Skills:
 + Level 6.0 Fighting
 + Level 6.0 Axes
 - Level 2.4 Armour
 - Level 2.1 Dodging


You had 4 spell levels left.
You didn't know any spells.
Your spell library was empty.

Dungeon Overview and Level Annotations

Branches:
Dungeon (3/15)

Altars:
Ashenzari
Hepliaklqana

Shops:
D:2 ?


Innate Abilities, Weirdness & Mutations

You have a pair of horns on your head.
You reflexively headbutt those who attack you in melee.


Message History

The gnoll shouts!
Your headbutt misses the gnoll.
You hear a shout! x2
A gnoll comes into view. It is wielding a +0 halberd.
The gnoll hits you with a +0 flail!
You slash the gnoll! You headbutt the gnoll.
The gnoll is almost dead.
A gnoll comes into view.
It is wielding the +7 short sword of Xom's Benevolence {drain, rF++ Str-5 Dex+2 Stlth+}.
The gnoll drinks a potion.
The gnoll goes berserk!
The gnoll hits you with a +0 flail.
You slash the gnoll!
You kill the gnoll!
Trog accepts your kill. The gnoll barely misses you.
The gnoll closely misses you.
You see here a +0 flail.
You hit the gnoll. You headbutt the gnoll!
The gnoll is almost dead.
The gnoll barely misses you. The gnoll hits you with a +0 halberd!
You slash the gnoll!
You kill the gnoll!
Trog accepts your kill.
The gnoll hits you with the +7 short sword of Xom's Benevolence {drain, rF++ Str-5 Dex+2 Stlth+}.
You feel drained.
You slash the gnoll!
You kill the gnoll!
Trog accepts your kill.
The gnoll hits you from afar with a +0 halberd.
Your life force feels restored.
Your Fighting skill increases to level 6!
Your Axes skill increases to level 6!
The gnoll hits you with a +0 halberd.
* * * LOW HITPOINT WARNING * * *
Items here: )) [ †.
You barely miss the gnoll. The gnoll hits you with a +0 halberd!
* * * LOW HITPOINT WARNING * * *
You hit the gnoll.
The gnoll is heavily wounded.
The gnoll hits you with a +0 halberd.
You die...

.#####..####
.............#
#..#####..###### #
#............... #.
##..#####.####... ..
................. ##.#.
###.#####........
......####>#####.####...
......g@)...............
......###..#............
..... .....#.###.#######
.... ###.....# #.# ...
.......# #.# ..
............# .
.............#
.###........## ##......


You could see a gnoll.

Vanquished Creatures
  A water moccasin (D:3)
  3 gnolls (D:3)
  3 adders (D:2)
  A dart slug (D:3)
  2 orcs (D:3)
  4 endoplasms
  2 giant cockroaches (D:2)
  6 goblins
  A hobgoblin (D:1)
  2 quokkas (D:1)
  6 ball pythons
  2 bats
  2 frilled lizards
  2 kobolds (D:1)
  7 rats
44 creatures vanquished.

Notes
Turn   | Place    | Note
-------+----------+-------------------------------------------
     0 | D:1      | ThatPearl the Minotaur Berserker began the quest for the
                  | Orb.
     0 | D:1      | Reached XP level 1. HP: 19/19 MP: 0/0
    36 | D:1      | Found a faded altar of an unknown god.
   483 | D:1      | Reached XP level 2. HP: 27/27 MP: 1/1
  1109 | D:2      | Reached XP level 3. HP: 34/34 MP: 2/2
  1114 | D:2      | Found Ygiybyosch's Magic Scroll Shop.
  1119 | D:2      | Bought a scroll of identify for 22 gold pieces
  1119 | D:2      | Bought a scroll of identify for 22 gold pieces
  1342 | D:2      | Reached ** piety under Trog
  1498 | D:2      | Found a hazy altar of Hepliaklqana.
  1844 | D:3      | Noticed a water moccasin
  1851 | D:3      | Killed a water moccasin
  1852 | D:3      | Reached skill level 5 in Fighting
  1852 | D:3      | Reached skill level 5 in Axes
  1852 | D:3      | Reached XP level 4. HP: 44/44 MP: 3/3
  1852 | D:3      | Reached XP level 5. HP: 50/50 MP: 4/4
  1904 | D:3      | Found a broken altar of Ashenzari.
  2219 | D:3      | Identified the +7 short sword of Xom's Benevolence {drain,
                  | rF++ Str-5 Dex+2 Stlth+}
  2227 | D:3      | Slain by a gnoll

Illustrated notes

Levels and vault maps discovered:
D:1:      dpeg_arrival_windows_large_door, layout_loops_ring,
          hellmonk_ecumenical_altar_pennies_from_heaven, serial_rivers,
          chequers_serial_rivers_micro_e, chequers_serial_rivers_marsh,
          chequers_serial_rivers_large_a, chequers_serial_rivers_room_a
D:2:      layout_loops_ring, basic_altar, serial_shops,
          nicolae_shop_hallway_plus
D:3:      minmay_door_path, layout_basic, nicolae_overflow_hidden_temple,
          serial_shops, shop, uniq_terence

Skill      XL: |  1  2  3  4  5 |
---------------+----------------+-----
Fighting       | 4 5 6 |  6.0
Axes           | 4 5 6 |  6.0
Armour         | |  2.4
Dodging        | |  2.1

Action                   |  1- 3 |  4- 6 || total
-------------------------+-------+-------++-------
Melee: Hand axe          |    48 |       ||    48
       Headbutt          |     6 |     6 ||    12
       Punch             |     1 |       ||     1
       War axe           |    27 |    21 ||    48
Throw: Dart              |     2 |       ||     2
Invok: Berserk           |     2 |       ||     2
  Use: Scroll            |     2 |       ||     2
Armor: Animal skin       |     9 |       ||     9
       Ring mail         |    13 |     1 ||    14
Dodge: Dodged            |    52 |    12 ||    64
